 Dungeon Crawl Stone Soup version 0.26.1-11-gd32895ea62 (webtiles) character file.

Game seed: 12911869257311871734

2265 Zeld the Changer (level 9, 0/42 HPs)
             Began as an Octopode Transmuter on May 26, 2021.
             Was an Initiate of Gozag.
             Slain by a yak (17 damage)
             ... on level 6 of the Dungeon.
             The game lasted 00:11:37 (14306 turns).

Zeld the Changer (Octopode Transmuter)             Turns: 14306, Time: 00:11:37

Health: 0/42       AC:  1    Str: 13    XL:     9   Next: 38%
Magic:  19/19      EV: 15    Int: 15    God:    Gozag
Gold:   107        SH:  0    Dex: 12    Spells: 6/21 levels left

rFire    . . .     SeeInvis .     - Unarmed
rCold    . . .     Faith    .   (no shield)
rNeg     . . .     Spirit   .   (helmet restricted)
rPois    +         Reflect  .   (no amulet)
rElec    .         Harm     .   (no ring)
rCorr    .         Rampage  .   (no ring)
Will     .....     Rnd*Rage +   (no ring)
Stlth    ++........             w - ring of poison resistance
HPRegen  0.14/turn              (no ring)
MPRegen  0.16/turn              (no ring)
                                (no ring)
                                (no ring)

@: no status effects
A: almost no armour, stealthy swim, amphibious, 8 rings, constrict 8, camouflage
1, berserk 1, frail 3, gelatinous body 1, subdued magic 1
a: Renounce Religion, Potion Petition, Call Merchant, Bribe Branch


You were on level 6 of the Dungeon.
You worshipped Gozag.
Gozag was aware of your devotion.
You visited 2 branches of the dungeon, and saw 8 of its levels.
You also visited: Ossuary.

You collected 729 gold pieces.
You spent 492 gold pieces at shops.
You paid 130 gold pieces to Gozag.

Inventory:

Jewellery
 w - a ring of poison resistance (on tentacle)
Scrolls
 a - 4 scrolls of enchant weapon
 c - 3 scrolls of enchant armour
 d - 6 scrolls of remove curse
 f - 3 scrolls of identify
 h - 8 scrolls of teleportation
 i - a scroll of magic mapping
 l - 3 scrolls of fear
 n - 3 scrolls of amnesia
 s - 3 scrolls of blinking
Potions
 e - 4 potions of haste {unknown}
 g - a potion of brilliance {unknown}
 j - 3 potions of heal wounds {unknown}
 k - a potion of lignification {unknown}
 o - 4 potions of curing {unknown}
 p - 3 potions of cancellation {unknown}
 u - 2 potions of ambrosia {unknown}
 v - 2 potions of degeneration {unknown}
 z - a potion of mutation {unknown}


   Skills:
 + Level 4.9 Fighting
 + Level 5.3 Dodging
 - Level 3.0 Unarmed Combat
 * Level 6.7 Spellcasting
 * Level 7.3 Transmutations


You had 6 spell levels left.
You knew the following spells:

 Your Spells              Type           Power        Failure   Level
a - Beastly Appendage     Tmut           40%          1%          1
b - Wereblood             Tmut           20%          1%          2
c - Spider Form           Tmut/Pois      6%           7%          3
d - Ice Form              Ice/Tmut       12%          26%         4
e - Blade Hands           Tmut           10%          16%         5

Your spell library contained the following spells:

 Spells                   Type           Power        Failure   Level
 Animate Skeleton         Necr           6%           12%         1
 Freeze                   Ice            12%          12%         1
 Corpse Rot               Necr/Air       N/A          17%         2
 Frozen Ramparts          Ice            6%           34%         3
 Ozocubu's Armour         Ice            3%           34%         3
 Vampiric Draining        Necr           1%           34%         3
 Hailstorm                Conj/Ice       3%           77%         4
 Summon Ice Beast         Ice/Summ       3%           77%         4
 Excruciating Wounds      Necr           1%           98%         5
 Metabolic Englaciation   Hex/Ice        1%           98%         5
 Death Channel            Necr           1%           100%        6


Dungeon Overview and Level Annotations

Branches:
Dungeon (7/15)             Temple (1/1) D:6         Ossuary (visited)

Altars:
Ashenzari
Cheibriados
Dithmenos
Elyvilon
Fedhas
Gozag
Hepliaklqana
Kikubaaqudgha
Makhleb
Nemelex Xobeh
Okawaru
Qazlal
Ru
Sif Muna
Uskayaw
Wu Jian
Xom
Yredelemnul
Zin
The Shining One

Shops:
D:7 (

Annotations:
D:7 Joseph


Innate Abilities, Weirdness & Mutations

You cannot wear most types of armour.
You are very stealthy in the water. (Stealth+)
You are amphibious.
You can wear up to eight rings at the same time.
You can use your tentacles to constrict eight enemies at once.
Your skin changes colour to match your surroundings (Stealth+).
Your rubbery body absorbs attacks. (AC +1, EV +1)
You tend to lose your temper in combat.
You are extremely frail. (-30% HP)
Your spells are a little easier to cast, but a little less powerful.


Message History

You completely miss the yak. Your squeeze misses the yak. The yak gores you!
You tentacle-slap the yak.
The yak is lightly wounded.
The yak gores you!
You tentacle-slap the yak.
The yak is lightly wounded.
The yak gores you!
* * * LOW HITPOINT WARNING * * *
Casting: Blade Hands (extremely dangerous; 16% risk of failure)
Confirm with . or Enter, or press ? or * to list all spells.
The spell is extremely dangerous to cast (16% risk of failure)!
Continue anyway? [Y]es or [N]o only, please.
The spell is extremely dangerous to cast (16% risk of failure)!
Continue anyway?
Okay, then.
Your magical contamination has completely faded away.
There is an abandoned shop here.
Okay, then.
The yak gores you!
You die...
Your body crumbles into a pile of gold.

####### ###.....###
###.........## ##............###
................#
................## #####
.................## #####...##
...............Y@.## #........##
...............##..## #.........#
.......(......#####.###..........
......#......## ##..##.........
.....##.∩=.### ##..#.........
.....#..#### ##..#........
.....#.## ###.#....... ....##.#
##..>..... ....#.## ##..###..


You could see a yak.

Vanquished Creatures
  Prince Ribbit (D:5)
  A wraith (Ossuary)
  3 yaks
  2 ice beasts
  2 ogres
  A phantom (D:4)
  A centaur (D:7)
  4 bullfrogs (D:6)
  Blork the orc (D:5)
  A scorpion (D:4)
  A howler monkey (D:4)
  2 orc priests (D:5)
  2 orc wizards
  3 hounds
  A centaur skeleton (D:4)
  An iguana (D:5)
  3 worker ants
  A hound zombie (D:5)
  A hound skeleton (D:7)
  A mummy (Ossuary)
  A gnoll (D:1)
  9 adders
  An ooze (D:4)
  An adder zombie (D:5)
  An adder skeleton (D:5)
  2 worms
  A dart slug (D:1)
  5 leopard geckos
  12 orcs
  7 giant cockroaches
  4 goblins
  A hobgoblin (D:2)
  6 jackals
  3 kobolds
  3 quokkas
  5 ball pythons
  5 bats
  2 frilled lizards
  7 gnoll skeletons (Ossuary)
  A goblin zombie (D:6)
  A jackal zombie (D:6)
  5 kobold skeletons (Ossuary)
  13 orc skeletons (Ossuary)
  A quokka zombie (D:6)
  5 rats
135 creatures vanquished.

Vanquished Creatures (others)
  A quokka (D:4)
  2 fungi (D:6)
  7 plants (D:6)
10 creatures vanquished.

Grand Total: 145 creatures vanquished

Notes
Turn   | Place    | Note
-------+----------+-------------------------------------------
     0 | D:1      | Zeld the Octopode Transmuter began the quest for the Orb.
     0 | D:1      | Reached XP level 1. HP: 13/13 MP: 3/3
    35 | D:1      | Reached XP level 2. HP: 10/18 MP: 5/5
    43 | D:1      | Learned a level 2 spell: Wereblood
   745 | D:2      | Reached XP level 3. HP: 21/23 MP: 4/6
   749 | D:2      | Learned a level 3 spell: Spider Form
  1649 | D:4      | Reached XP level 4. HP: 17/29 MP: 2/8
  1813 | D:4      | Reached skill level 3 in Transmutations
  1936 | D:4      | Reached XP level 5. HP: 9/34 MP: 3/9
  1960 | D:4      | Learned a level 4 spell: Ice Form
  2329 | D:4      | Found a white marble altar of Elyvilon.
  2845 | D:4      | Identified Daxkenkoapp's Almanac of Sinister Secrets
  2862 | D:4      | Noticed a phantom
  4160 | D:4      | Reached XP level 6. HP: 10/40 MP: 2/11
  4512 | D:4      | Killed a phantom
  4513 | D:4      | Reached skill level 4 in Transmutations
  5220 | D:5      | Entered Level 5 of the Dungeon
  5711 | D:5      | Reached XP level 7. HP: 42/45 MP: 9/13
  6086 | D:5      | Found a snail-covered altar of Cheibriados.
  6388 | D:5      | Gained mutation: You tend to lose your temper in combat.
                  | [mutagenic glow]
  6711 | D:5      | Noticed Blork the orc
  6718 | D:5      | Killed Blork the orc
  7001 | D:5      | Reached skill level 5 in Transmutations
  7443 | D:5      | Noticed Prince Ribbit
  8003 | D:5      | Found a basalt altar of Yredelemnul.
  8025 | D:5      | Reached XP level 8. HP: 27/52 MP: 12/15
  8031 | D:5      | Learned a level 5 spell: Blade Hands
  8217 | D:5      | Killed Prince Ribbit
  8218 | D:5      | Reached skill level 5 in Spellcasting
  8251 | D:6      | Found a sand-covered staircase.
  8280 | Ossuary  | Entered an ossuary
  8280 | Ossuary  | Noticed a wraith
  8280 | Ossuary  | Noticed a wraith
  8280 | Ossuary  | Noticed a wraith
  8583 | Ossuary  | Noticed a wraith
  8592 | Ossuary  | Killed a wraith
  8593 | Ossuary  | Reached skill level 6 in Transmutations
  8878 | D:6      | Found a staircase to the Ecumenical Temple.
  8901 | Temple   | Entered the Ecumenical Temple
  9021 | Temple   | Became a worshipper of Gozag Ym Sagoz the Greedy
 11076 | D:6      | Found Govem's Magic Scroll Emporium.
 11116 | D:6      | Bought a scroll of identify for 26 gold pieces
 11116 | D:6      | Bought a scroll of teleportation for 39 gold pieces
 11116 | D:6      | Bought a scroll of identify for 26 gold pieces
 11116 | D:6      | Bought a scroll of identify for 26 gold pieces
 11116 | D:6      | Bought a scroll of teleportation for 39 gold pieces
 11116 | D:6      | Bought a scroll of amnesia for 45 gold pieces
 11116 | D:6      | Bought a scroll of fear for 45 gold pieces
 11116 | D:6      | Bought a scroll of enchant weapon for 97 gold pieces
 11116 | D:6      | Bought a scroll of remove curse for 39 gold pieces
 11261 | D:6      | Found a glowing golden altar of the Shining One.
 11506 | D:6      | Bought a scroll of noise for 13 gold pieces
 11798 | D:6      | Found a sacrificial altar of Ru.
 12071 | D:6      | Reached XP level 9. HP: 59/59 MP: 13/18
 12215 | D:7      | Reached skill level 5 in Dodging
 12382 | D:7      | Identified the Almanac of Frigorific Evil Magic
 12540 | D:6      | Bought a scroll of torment for 97 gold pieces
 12603 | D:7      | Found Rapruroevo's Antique Weapon Shoppe.
 12618 | D:7      | Gained mutation: You are frail. (-10% HP) [mutagenic glow]
 12626 | D:7      | Gained mutation: Your spells are a little easier to cast,
                  | but a little less powerful. [mutagenic glow]
 12638 | D:6      | Reached skill level 7 in Transmutations
 12641 | D:6      | Gained mutation: You are very frail. (-20% HP) [mutagenic
                  | glow]
 12656 | D:6      | Gained mutation: You are extremely frail. (-30% HP)
                  | [mutagenic glow]
 13110 | D:7      | Noticed Joseph
 14306 | D:6      | Slain by a yak

Illustrated notes

Levels and vault maps discovered:
D:1:      minmay_arrival_jagged, layout_rooms, minmay_unequal
D:2:      layout_loops_cross
D:3:      layout_basic
D:4:      layout_gridville, elyvilon_altar_4
D:5:      layout_basic, overflow_temple_1_default, basic_altar,
          uniq_blork_the_orc, uniq_prince_ribbit1
D:6:      layout_cave_pods, nicolae_overflow_crystal_walls,
          minmay_temple_entry_butterflies, serial_shops, shop, enter_ossuary_4,
          nicolae_ru_the_path_less_chosen
D:7:      layout_loops_ring, serial_shops, shop, minmay_the_grid_2x2
          [minmay_the_grid_x, minmay_the_grid_large_cup, minmay_the_grid_spikes,
          minmay_the_grid_prize_trominoes], uniq_joseph
Temple:   regret_index_temple_sphere_string

Skill      XL: |  1  2  3  4  5  6  7  8  9 |
---------------+----------------------------+-----
Transmutations | 3 4 5 6 7 |  7.3
Fighting       | 2 3 4 |  4.9
Spellcasting   | 3 4 6 |  6.7
Dodging        | 3 4 5 |  5.3
Unarmed Combat | |  3.0

Action                   |  1- 3 |  4- 6 |  7- 9 || total
-------------------------+-------+-------+-------++-------
Melee: Unarmed           |    52 |    89 |   256 ||   397
       Constrict         |    15 |     9 |    11 ||    35
       Kick              |    13 |     6 |       ||    19
       Tentacles         |     8 |     4 |    14 ||    26
       Punch             |     3 |     1 |     1 ||     5
 Cast: Beastly Appendage |    16 |     6 |     1 ||    23
       Wereblood         |     2 |     2 |     3 ||     7
       Spider Form       |       |    10 |    27 ||    37
       Ice Form          |       |     2 |       ||     2
       Blade Hands       |       |       |    13 ||    13
  Use: Scroll            |       |       |     5 ||     5
 Stab: Sleeping          |     3 |       |     2 ||     5
Armor: Skin              |     7 |     4 |    15 ||    26
Dodge: Dodged            |    38 |    76 |   231 ||   345
